[ AOE2 MATCH · #507853249 ]
UnrankedMongols vs Dravidians
Player's team · LOSS
[ REPLAY ANALYSIS · EXTRACTED FROM THE RECORDED GAME ]
Feudal
15:07
Castle
31:50
Imperial
—
| APM avg | 61.3 |
| APM peak | 107 |
| eAPM avg | 31.6 |
| Villagers / military | 121 / 28 |
Focus
⚔️ 26.2% · 🌾 73.8%
Mangonel ×8 · Mangudai ×6 · Skirmisher ×5 · Fishing Ship ×5 · Galley ×2 · Knight ×2
Feudal
9:27
Castle
24:17
Imperial
44:27
| APM avg | 59.2 |
| APM peak | 97 |
| eAPM avg | 26.2 |
| Villagers / military | 146 / 121 |
Focus
⚔️ 51.8% · 🌾 48.2%
Archer ×91 · Fishing Ship ×21 · Militia ×8 · Mangonel ×8 · Bombard Cannon ×8 · Fire Galley ×3
Match map
Initial resources + every placement click. Lines = walls · curves = elevation contours. ◆ gold · ⬟ stone · ● berries · ✦ relic · ◌ wall gap
Your base· Open — unwalled flank
PNAL | ChasQuiiX's base· Open — unwalled flank
Smoothed initial terrain · ◌ = detected wall gap · hover for details
Inputs per minute
— Guthrie_Govan - - PNAL | ChasQuiiX
Build order — Guthrie_Govan
First 150 of 296 actions detected
| 0:01 | Queue | Villager (Male) |
| 0:01 | Queue | Villager (Male) |
| 0:01 | Queue | Villager (Male) |
| 0:01 | Queue | Villager (Male) |
| 0:03 | Build | House |
| 0:05 | Build | House |
| 1:32 | Queue | Villager (Male) |
| 1:54 | Build | Lumber Camp |
| 2:04 | Queue | Villager (Male) |
| 2:09 | Queue | Villager (Male) |
| 2:09 | Queue | Villager (Male) |
| 2:25 | Queue | Villager (Male) |
| 2:26 | Queue | Villager (Male) |
| 2:43 | Queue | Villager (Male) |
| 2:43 | Queue | Villager (Male) |
| 3:01 | Queue | Villager (Male) |
| 3:25 | Build | House |
| 3:34 | Queue | Villager (Male) |
| 3:36 | Queue | Villager (Male) |
| 3:36 | Queue | Villager (Male) |
| 4:17 | Queue | Villager (Male) |
| 4:23 | Build | Dock |
| 4:27 | Queue | Villager (Male) |
| 4:27 | Queue | Villager (Male) |
| 4:46 | Queue | Villager (Male) |
| 4:50 | Queue | Villager (Male) |
| 5:02 | Build | House |
| 5:07 | Queue | Villager (Male) |
| 5:10 | Queue | Villager (Male) |
| 5:17 | Queue | Fishing Ship |
| 5:46 | Build | House |
| 5:52 | Queue | Villager (Male) |
| 6:08 | Queue | Villager (Male) |
| 6:10 | Queue | Fishing Ship |
| 6:47 | Queue | Villager (Male) |
| 6:50 | Queue | Fishing Ship |
| 7:24 | Research | Loom |
| 7:24 | Research | Loom |
| 8:07 | Build | Town Center |
| 8:14 | Build | Palisade Wall |
| 8:32 | Build | Palisade Wall |
| 8:33 | Build | Palisade Wall |
| 8:35 | Build | Palisade Wall |
| 8:36 | Build | Palisade Wall |
| 9:07 | Queue | Villager (Male) |
| 9:07 | Queue | Villager (Male) |
| 9:08 | Queue | Villager (Male) |
| 9:08 | Queue | Villager (Male) |
| 9:18 | Research | Feudal Age |
| 9:18 | Research | Feudal Age |
| 9:23 | Queue | Villager (Male) |
| 9:23 | Queue | Villager (Male) |
| 9:24 | Queue | Villager (Male) |
| 10:09 | Queue | Villager (Male) |
| 10:18 | Build | House |
| 10:21 | Build | House |
| 10:23 | Build | House |
| 10:24 | Queue | Fishing Ship |
| 10:24 | Queue | Fishing Ship |
| 10:27 | Build | House |
| 10:29 | Build | House |
| 10:47 | Queue | Villager (Male) |
| 10:47 | Queue | Villager (Male) |
| 11:53 | Queue | Villager (Male) |
| 12:57 | Research | Feudal Age |
| 12:58 | Research | Feudal Age |
| 14:13 | Build | Palisade Wall |
| 14:14 | Build | Palisade Wall |
| 14:22 | Build | Palisade Wall |
| 15:07 | Age | Feudal Age |
| 15:13 | Build | Watch Tower |
| 15:19 | Queue | Villager (Male) |
| 15:19 | Queue | Villager (Male) |
| 15:27 | Build | Outpost |
| 15:38 | Build | Stone Wall |
| 15:46 | Build | Stone Wall |
| 15:47 | Build | Stone Wall |
| 15:56 | Build | Stone Wall |
| 16:06 | Build | Stone Wall |
| 16:11 | Queue | Villager (Male) |
| 16:11 | Queue | Villager (Male) |
| 16:32 | Build | Gate |
| 16:35 | Build | Gate |
| 16:47 | Build | Gate |
| 16:50 | Queue | Villager (Male) |
| 17:03 | Build | Stone Wall |
| 17:08 | Build | Stone Wall |
| 17:09 | Build | Stone Wall |
| 17:18 | Build | Outpost |
| 17:20 | Research | Town Watch |
| 17:21 | Queue | Villager (Male) |
| 17:38 | Queue | Galley |
| 17:39 | Queue | Galley |
| 17:44 | Queue | Villager (Male) |
| 17:48 | Build | Watch Tower |
| 17:54 | Build | Watch Tower |
| 18:09 | Build | Palisade Wall |
| 18:10 | Build | Palisade Wall |
| 18:14 | Build | Palisade Wall |
| 18:17 | Build | Palisade Wall |
| 18:20 | Build | Palisade Wall |
| 18:23 | Build | Palisade Wall |
| 18:39 | Queue | Villager (Male) |
| 19:02 | Build | Barracks |
| 19:02 | Queue | Villager (Male) |
| 19:41 | Queue | Spearman |
| 19:44 | Build | Mill |
| 19:56 | Queue | Villager (Male) |
| 20:19 | Build | Watch Tower |
| 20:25 | Queue | Villager (Male) |
| 20:29 | Build | Lumber Camp |
| 20:43 | Queue | Villager (Male) |
| 20:46 | Build | Blacksmith |
| 20:58 | Build | Watch Tower |
| 21:12 | Queue | Villager (Male) |
| 21:18 | Build | Farm |
| 21:18 | Queue | Villager (Male) |
| 21:50 | Build | Watch Tower |
| 22:03 | Build | Archery Range |
| 22:04 | Queue | Villager (Male) |
| 22:11 | Build | House |
| 22:14 | Build | House |
| 23:01 | Build | House |
| 23:23 | Build | Mining Camp |
| 23:30 | Queue | Villager (Male) |
| 23:31 | Queue | Skirmisher |
| 23:31 | Queue | Skirmisher |
| 23:55 | Build | Farm |
| 23:56 | Queue | Villager (Male) |
| 24:09 | Queue | Villager (Male) |
| 24:11 | Build | Farm |
| 24:12 | Queue | Villager (Male) |
| 24:22 | Build | House |
| 24:25 | Queue | Skirmisher |
| 24:30 | Build | Farm |
| 24:32 | Build | Farm |
| 24:34 | Queue | Villager (Male) |
| 24:41 | Build | Watch Tower |
| 24:58 | Research | Fletching |
| 24:59 | Research | Fletching |
| 25:13 | Build | Market |
| 25:27 | Queue | Villager (Male) |
| 25:49 | Build | Watch Tower |
| 25:57 | Queue | Villager (Male) |
| 25:59 | Build | Watch Tower |
| 26:10 | Build | Stable |
| 26:10 | Queue | Villager (Male) |
| 26:15 | Build | Watch Tower |
| 26:27 | Queue | Skirmisher |
| 26:27 | Queue | Skirmisher |
Build order — PNAL | ChasQuiiX
First 150 of 405 actions detected
| 0:00 | Queue | Villager (Male) |
| 0:01 | Queue | Villager (Male) |
| 0:01 | Queue | Villager (Male) |
| 0:02 | Build | House |
| 0:03 | Build | House |
| 0:13 | Queue | Villager (Male) |
| 0:13 | Queue | Villager (Male) |
| 1:34 | Queue | Villager (Male) |
| 1:34 | Queue | Villager (Male) |
| 1:51 | Queue | Villager (Male) |
| 1:52 | Queue | Villager (Male) |
| 1:53 | Build | Lumber Camp |
| 2:26 | Queue | Villager (Male) |
| 2:26 | Queue | Villager (Male) |
| 2:55 | Queue | Villager (Male) |
| 2:56 | Queue | Villager (Male) |
| 3:19 | Queue | Villager (Male) |
| 3:33 | Build | House |
| 3:40 | Queue | Villager (Male) |
| 3:46 | Build | Dock |
| 4:01 | Build | Palisade Wall |
| 4:03 | Build | Palisade Wall |
| 4:12 | Queue | Villager (Male) |
| 4:13 | Queue | Villager (Male) |
| 4:13 | Queue | Villager (Male) |
| 4:29 | Queue | Fishing Ship |
| 4:30 | Queue | Fishing Ship |
| 4:42 | Queue | Villager (Male) |
| 4:42 | Queue | Villager (Male) |
| 4:42 | Queue | Villager (Male) |
| 4:58 | Queue | Fishing Ship |
| 4:58 | Queue | Fishing Ship |
| 5:02 | Queue | Villager (Male) |
| 5:23 | Queue | Villager (Male) |
| 5:33 | Queue | Fishing Ship |
| 5:33 | Queue | Fishing Ship |
| 5:50 | Build | House |
| 5:55 | Queue | Villager (Male) |
| 5:56 | Queue | Villager (Male) |
| 5:57 | Queue | Villager (Male) |
| 6:30 | Queue | Villager (Male) |
| 6:47 | Research | Loom |
| 6:58 | Queue | Fishing Ship |
| 7:17 | Research | Feudal Age |
| 7:17 | Research | Feudal Age |
| 7:46 | Build | Barracks |
| 8:33 | Queue | Militia |
| 8:33 | Queue | Militia |
| 8:33 | Queue | Militia |
| 8:38 | Queue | Villager (Male) |
| 8:57 | Build | Lumber Camp |
| 9:07 | Build | Mining Camp |
| 9:27 | Age | Feudal Age |
| 9:31 | Research | Man-at-Arms (upgrade) |
| 9:31 | Research | Man-at-Arms (upgrade) |
| 9:45 | Queue | Villager (Male) |
| 9:56 | Queue | Villager (Male) |
| 10:11 | Research | Double-Bit Axe |
| 10:12 | Research | Double-Bit Axe |
| 10:16 | Build | House |
| 10:40 | Research | Arson |
| 10:40 | Queue | Villager (Male) |
| 11:03 | Queue | Villager (Male) |
| 11:26 | Queue | Villager (Male) |
| 11:39 | Queue | Villager (Male) |
| 13:02 | Queue | Militia |
| 13:02 | Queue | Militia |
| 13:02 | Queue | Militia |
| 13:47 | Queue | Militia |
| 13:49 | Build | House |
| 14:37 | Queue | Militia |
| 14:59 | Build | House |
| 15:50 | Build | Town Center |
| 16:47 | Queue | Villager (Male) |
| 16:47 | Queue | Villager (Male) |
| 17:43 | Queue | Villager (Male) |
| 17:48 | Queue | Fishing Ship |
| 17:53 | Build | Archery Range |
| 18:45 | Queue | Villager (Male) |
| 18:54 | Build | Blacksmith |
| 19:06 | Research | Town Watch |
| 19:13 | Build | Dock |
| 19:16 | Queue | Villager (Male) |
| 19:19 | Queue | Archer |
| 19:19 | Queue | Archer |
| 19:32 | Build | House |
| 19:35 | Build | Outpost |
| 19:36 | Queue | Archer |
| 19:45 | Build | Dock |
| 19:48 | Queue | Villager (Male) |
| 20:02 | Build | Mining Camp |
| 20:04 | Queue | Archer |
| 20:20 | Queue | Fishing Ship |
| 20:21 | Queue | Villager (Male) |
| 20:35 | Build | House |
| 21:15 | Queue | Fishing Ship |
| 21:15 | Queue | Fishing Ship |
| 21:37 | Research | Castle Age |
| 21:37 | Research | Castle Age |
| 21:41 | Queue | Archer |
| 21:45 | Build | Archery Range |
| 21:49 | Queue | Archer |
| 21:49 | Queue | Archer |
| 22:11 | Queue | Archer |
| 22:11 | Queue | Archer |
| 22:22 | Research | Fletching |
| 22:22 | Research | Fletching |
| 22:26 | Queue | Villager (Male) |
| 22:27 | Queue | Archer |
| 22:48 | Queue | Archer |
| 22:50 | Queue | Villager (Male) |
| 23:12 | Queue | Archer |
| 23:31 | Build | Blacksmith |
| 23:35 | Queue | Archer |
| 23:35 | Queue | Archer |
| 23:40 | Research | Gold Mining |
| 23:40 | Research | Gold Mining |
| 24:17 | Age | Castle Age |
| 24:19 | Research | Crossbowman (upgrade) |
| 24:19 | Research | Crossbowman (upgrade) |
| 24:29 | Build | Siege Workshop |
| 24:34 | Research | Bodkin Arrow |
| 24:34 | Research | Bodkin Arrow |
| 24:35 | Queue | Villager (Male) |
| 24:58 | Queue | Villager (Male) |
| 24:59 | Queue | Archer |
| 24:59 | Queue | Archer |
| 25:14 | Build | Mill |
| 25:19 | Queue | Mangonel |
| 25:20 | Queue | Mangonel |
| 25:20 | Queue | Mangonel |
| 25:28 | Build | University |
| 25:29 | Queue | Villager (Male) |
| 25:42 | Queue | Archer |
| 25:42 | Queue | Archer |
| 25:50 | Queue | Villager (Male) |
| 26:10 | Queue | Villager (Male) |
| 26:23 | Queue | Archer |
| 26:33 | Queue | Archer |
| 26:33 | Queue | Villager (Male) |
| 26:43 | Queue | Villager (Male) |
| 26:52 | Queue | Mangonel |
| 26:52 | Queue | Mangonel |
| 26:58 | Queue | Villager (Male) |
| 27:11 | Queue | Archer |
| 27:11 | Queue | Archer |
| 27:13 | Queue | Villager (Male) |
| 27:15 | Build | House |
| 27:16 | Build | House |
| 27:18 | Build | House |
Match timeline
| 3:46 | PNAL | ChasQuiiX · first_building Dock |
| 4:01 | PNAL | ChasQuiiX · wall_segment Palisade Wall x1 |
| 4:03 | PNAL | ChasQuiiX · wall_segment Palisade Wall x1 |
| 4:23 | Guthrie_Govan · first_building Dock |
| 7:46 | PNAL | ChasQuiiX · first_building Barracks |
| 8:14 | Guthrie_Govan · wall_segment Palisade Wall x1 |
| 8:32 | Guthrie_Govan · wall_segment Palisade Wall x1 |
| 8:33 | Guthrie_Govan · wall_segment Palisade Wall x1 |
| 8:35 | Guthrie_Govan · wall_segment Palisade Wall x1 |
| 8:36 | Guthrie_Govan · wall_segment Palisade Wall x1 |
| 9:27 | PNAL | ChasQuiiX · age_up feudal |
| 14:13 | Guthrie_Govan · wall_segment Palisade Wall x1 |
| 14:14 | Guthrie_Govan · wall_segment Palisade Wall x1 |
| 14:22 | Guthrie_Govan · wall_segment Palisade Wall x1 |
| 15:07 | Guthrie_Govan · age_up feudal |
| 15:38 | Guthrie_Govan · wall_segment Stone Wall x1 |
| 15:46 | Guthrie_Govan · wall_segment Stone Wall x1 |
| 15:47 | Guthrie_Govan · wall_segment Stone Wall x1 |
| 15:56 | Guthrie_Govan · wall_segment Stone Wall x1 |
| 16:06 | Guthrie_Govan · wall_segment Stone Wall x1 |
| 17:03 | Guthrie_Govan · wall_segment Stone Wall x1 |
| 17:08 | Guthrie_Govan · wall_segment Stone Wall x1 |
| 17:09 | Guthrie_Govan · wall_segment Stone Wall x1 |
| 17:53 | PNAL | ChasQuiiX · first_building Archery Range |
| 18:09 | Guthrie_Govan · wall_segment Palisade Wall x1 |
| 18:10 | Guthrie_Govan · wall_segment Palisade Wall x1 |
| 18:14 | Guthrie_Govan · wall_segment Palisade Wall x1 |
| 18:17 | Guthrie_Govan · wall_segment Palisade Wall x1 |
| 18:20 | Guthrie_Govan · wall_segment Palisade Wall x1 |
| 18:23 | Guthrie_Govan · wall_segment Palisade Wall x1 |
| 19:02 | Guthrie_Govan · first_building Barracks |
| 22:03 | Guthrie_Govan · first_building Archery Range |
| 24:17 | PNAL | ChasQuiiX · age_up castle |
| 24:29 | PNAL | ChasQuiiX · first_building Siege Workshop |
| 26:10 | Guthrie_Govan · first_building Stable |
| 28:25 | Guthrie_Govan · first_market_sell 100 wood |
| 28:29 | Guthrie_Govan · first_market_buy 100 food |
| 29:55 | PNAL | ChasQuiiX · first_building Monastery |
| 30:24 | PNAL | ChasQuiiX · first_market_sell 100 food |
| 31:50 | Guthrie_Govan · age_up castle |
| 32:08 | Guthrie_Govan · first_building Siege Workshop |
| 38:07 | PNAL | ChasQuiiX · first_market_buy 100 stone |
| 39:08 | PNAL | ChasQuiiX · first_building Castle |
| 40:49 | Guthrie_Govan · wall_segment Stone Wall x1 |
| 40:52 | Guthrie_Govan · wall_segment Stone Wall x1 |
| 40:53 | Guthrie_Govan · wall_segment Stone Wall x1 |
| 42:36 | Guthrie_Govan · wall_segment Stone Wall x1 |
| 42:36 | Guthrie_Govan · wall_segment Stone Wall x1 |
| 43:10 | PNAL | ChasQuiiX · wall_segment Stone Wall x6 |
| 43:13 | PNAL | ChasQuiiX · wall_segment Stone Wall x2 |
| 43:14 | PNAL | ChasQuiiX · wall_segment Stone Wall x1 |
| 43:16 | PNAL | ChasQuiiX · wall_segment Stone Wall x3 |
| 44:27 | PNAL | ChasQuiiX · age_up imperial |
| 46:01 | Guthrie_Govan · first_building Castle |
| 52:31 | Guthrie_Govan · resign |
[ AI ANALYSIS · 1 CREDIT ]
What really happened in this match?
Wolo.gg analyzes every decision: build order, eco, micro, common mistakes by bracket. Personalized analysis on WhatsApp or Discord in 30 seconds.
Civ guide
Mongols
Perfil
Jugador #4224302